 Dungeon Crawl Stone Soup version 0.22-a0-480-g991dd4b (webtiles) character file.

420 Inectha the Shooter (level 6, 48/51 HPs)
             Began as a Centaur Hunter on May 5, 2018.
             Quit the game on level 4 of the Dungeon on June 16, 2018.
             The game lasted 00:36:22 (3867 turns).

Inectha the Shooter (Centaur Hunter)                Turns: 3867, Time: 00:36:22

Health: 48/51      AC:  7    Str: 15    XL:     6   Next: 62%
Magic:  6/6        EV:  4    Int: 10    God:
Gold:   141        SH:  0    Dex: 11    Spells: 5/5 levels left

rFire    + . .     SeeInvis .   b - +1 spear (venom)
rCold    . . .     Gourm    .   (no shield)
rNeg     . . .     Faith    .   n - +0 chain mail
rPois    .         Spirit   .   (no helmet)
rElec    .         Reflect  .   (no cloak)
rCorr    +         Harm     .   (no gloves)
MR       .....                  (no barding)
Stlth    ..........             (no amulet)
HPRegen  0.17/turn              j - ring of resist corrosion
MPRegen  0.10/turn              k - ring of protection from fire

@: very quick
A: large, hooves 3, deformed body, speed 2, tough skin 3
a: no special abilities


You were on level 4 of the Dungeon.
You were not hungry.

You visited 1 branch of the dungeon, and saw 4 of its levels.

You collected 141 gold pieces.

Inventory:

Hand Weapons
 a - a +1 shortbow
 b - a +1 spear of venom (weapon)
 o - a +0 short sword
Missiles
 d - 49 arrows
Armour
 n - a +0 chain mail (worn)
Jewellery
 j - a ring of resist corrosion (left hand)
 k - a ring of protection from fire (right hand)
Wands
 i - a wand of iceblast (11)
Scrolls
 c - 2 scrolls of teleportation {unknown}
 e - a scroll of noise {unknown}
 g - 5 scrolls of remove curse {unknown}
 h - a scroll of immolation {unknown}
 l - 3 scrolls of identify {unknown}
 r - a scroll of random uselessness {unknown}
 s - a scroll of fog {unknown}
 t - 2 scrolls of enchant armour {unknown}
 u - a scroll of magic mapping {unknown}
 v - a scroll of amnesia {unknown}
 w - a scroll of blinking {unknown}
Potions
 m - a potion of heal wounds
 p - a potion of flight
 q - 2 potions of might {unknown}
Comestibles
 f - 7 rations


   Skills:
 + Level 3.1 Fighting
 + Level 1.9 Polearms
 + Level 7.8 Bows
 + Level 2.6 Armour
 + Level 1.5 Dodging
 + Level 0.6 Stealth


You had 5 spell levels left.
You didn't know any spells.
Your spell library was empty.

Dungeon Overview and Level Annotations

Branches:
Dungeon (4/15)
 Temple: D:4-7

Altars:
Fedhas
Gozag
Kikubaaqudgha
Okawaru


Innate Abilities, Weirdness & Mutations

You have hooves in place of feet.
Armour fits poorly on your strangely shaped body.
You cover ground very quickly.
You have extremely tough skin. (AC +3)


Message History

The worker ant bites you.
You hit the worker ant.
The worker ant is poisoned.
The worker ant is moderately wounded.
The worker ant bites you.
You barely miss the worker ant.
You kick the worker ant, but do no damage.
The worker ant is severely wounded.
The worker ant barely misses you.
You hit the worker ant but do no damage.
The worker ant looks as sick as possible!
The worker ant is almost dead.
You kill the worker ant!
Your Fighting skill increases to level 3!
u - a scroll labeled TUATAOL ONGA Unknown command.
Save game and exit?
Welcome back, Inectha the Centaur Hunter.
Press ? for a list of commands and other information.
Unknown command.
Are you sure you want to abandon this character and quit the game? (Confirm with "yes".)

##.## #.#.# .#
...##### #.#.###.#
.#.#...####.......#
##.#.#.##...........
...#.#.#########.###
#........#.# #.#
..........>#####.#
####.#...........#
#.#.#.#.#####@#
#.#.#.......#.#
####.#.###.###.#.#
.......# #... ...
####.### ###...#.#
#.#.. ......
####.#.# ....#
.....#.#### ....
####.#....# ..#


There were no monsters in sight!

Vanquished Creatures
  Eustachio (D:4)
  A jelly (D:4)
  A centaur skeleton (D:4)
  2 worker ants (D:4)
  A hound skeleton (D:4)
  6 adders
  3 worms
  9 dart slugs
  2 leopard geckos
  2 orcs (D:3)
  8 bats
  A bat zombie (D:2)
  5 giant cockroaches
  10 goblins
  4 hobgoblins
  4 jackals
  A quokka (D:4)
  A ball python (D:4)
  6 frilled lizards
  9 kobolds
  4 rats
  A rat zombie (D:2)
82 creatures vanquished.

Notes
Turn   | Place    | Note
-------+----------+-------------------------------------------
     0 | D:1      | Inectha the Centaur Hunter began the quest for the Orb.
     0 | D:1      | Reached XP level 1. HP: 17/17 MP: 1/1
    92 | D:1      | Reached XP level 2. HP: 24/24 MP: 2/2
   137 | D:1      | Reached skill level 6 in Bows
   600 | D:2      | Reached XP level 3. HP: 10/29 MP: 3/3
   606 | D:2      | Found an opulent altar of Gozag.
   839 | D:2      | Found a blossoming altar of Fedhas.
   961 | D:2      | Upgraded the game from 0.22-a0-398-g8bb545f to 0.22-a0-414-gacd343e
  1043 | D:2      | Reached XP level 4. HP: 27/37 MP: 4/4
  1110 | D:2      | Found an ancient bone altar of Kikubaaqudgha.
  1422 | D:2      | Reached skill level 1 in Armour
  2049 | D:3      | Reached skill level 7 in Bows
  2953 | D:3      | Reached XP level 5. HP: 42/42 MP: 5/5
  2961 | D:3      | Found an iron altar of Okawaru.
  3354 | D:4      | Reached skill level 1 in Polearms
  3634 | D:4      | Noticed Eustachio
  3724 | D:4      | Killed Eustachio
  3724 | D:4      | Reached XP level 6. HP: 43/50 MP: 6/6
  3867 | D:4      | Quit the game

Vault maps used:
D:1:      mrwooster_arrival_statue_3, minmay_pentomino_u2
D:2:      cheibrodos_old_hovel, fedhas_altar_1,
          lemuel_zombie_altar_kikubaaqudgha, first_ration,
          nicolae_gozag_seed_capital
D:3:      kennysheep_slugbush, okawaru_altar_gauntlet_db
D:4:      minmay_temple_entry_fiery, nicolae_ru_sacrificial_ziggurat,
          uniq_eustachio

Skill      XL: |  1  2  3  4  5  6 |
---------------+-------------------+-----
Bows           | 6 7 |  7.8
Armour         | 1 2 |  2.6
Polearms       | 1 |  1.9
Fighting       | 3 |  3.1
Dodging        | |  1.5
Stealth        | |  0.6

Action                   |  1- 3 |  4- 6 || total
-------------------------+-------+-------++-------
Melee: Short sword       |    32 |     3 ||    35
       Kick              |     5 |    34 ||    39
       Spear             |       |   128 ||   128
 Fire: Shortbow          |    70 |    47 ||   117
  Use: Potion            |     3 |     3 ||     6
  Eat: Chunk             |       |     3 ||     3
       Ration            |       |     1 ||     1
Armor: Leather armour    |    38 |     3 ||    41
       Chain mail        |       |   114 ||   114
Dodge: Dodged            |    50 |    39 ||    89

Table legend:
 A = Spawn XP
 B = Non-spawn XP
 C = Spawn XP percentage of total XP
 D = Spawn monster count
 E = Non-spawn monster count
 F = Spawn count percentage of total count
 G = Total turns spent on level
                    A         B        C        D         E        F      G
               +---------+---------+-------+---------+---------+-------+---------
         Total |       0 |     601 |   0.0 |       0 |      82 |   0.0 |  3867
               +---------+---------+-------+---------+---------+-------+---------
           D:1 |       0 |      30 |   0.0 |       0 |      16 |   0.0 |   556
           D:2 |       0 |     109 |   0.0 |       0 |      26 |   0.0 |  1474
           D:3 |       0 |      72 |   0.0 |       0 |      28 |   0.0 |  1217
           D:4 |       0 |     390 |   0.0 |       0 |      12 |   0.0 |   620
               +---------+---------+-------+---------+---------+-------+---------
